 Dungeon Crawl Stone Soup version 0.28-a0-381-g937acc2988 (webtiles) character file.

Game seed: 15727130096778283060

11102 lunkers the Grappler (level 11, -7/104 HPs)
             Began as a Minotaur Cinder Acolyte on Sept 1, 2021.
             Was a High Priest of Ignis.
             Mangled by a blink frog (14 damage)
             ... on level 2 of the Lair of Beasts.
             The game lasted 00:16:38 (15007 turns).

lunkers the Grappler (Minotaur Cinder Acolyte)     Turns: 15007, Time: 00:16:38

Health: -7/104     AC: 12    Str: 23    XL:     11   Next: 44%
Magic:  11/11      EV: 14    Int: 10    God:    Ignis [*****.]
Gold:   470        SH:  5    Dex: 15    Spells: 11/12 levels left

rFire   + + .      SeeInvis .     - Unarmed
rCold   . . .      Faith    .   x - +0 buckler
rNeg    . . .      Spirit   .   q - +1 ring mail {rF+}
rPois   .          Reflect  .   (helmet restricted)
rElec   .          Harm     .   k - +0 cloak
rCorr   .          Rampage  .   A - +2 pair of gloves {Dex+3}
Will    .....                   (no boots)
Stlth   +.........              v - amulet of the acrobat
HPRegen 0.27/turn               y - +6 ring of dexterity
MPRegen 0.12/turn               G - +4 ring of evasion

@: about to teleport
A: horns 2, retaliatory headbutt
a: Renounce Religion, Sea of Fire, Foxfire Swarm, Rising Flame


You were on level 2 of the Lair of Beasts.
You worshipped Ignis.
Ignis was extremely pleased with you.
You visited 2 branches of the dungeon, and saw 12 of its levels.

You collected 470 gold pieces.

Inventory:

Missiles
 l - 4 throwing nets
Armour
 k - a +0 cloak (worn)
 q - a +1 ring mail of fire resistance (worn)
 x - a +0 buckler (worn)
 A - a +2 pair of gloves of dexterity (worn)
Jewellery
 v - an amulet of the acrobat (around neck)
 y - a +6 ring of dexterity (left hand)
 E - a ring of positive energy
 G - a +4 ring of evasion (right hand)
 I - a ring of protection from fire
 K - an amulet of regeneration
 L - an amulet of magic regeneration
Wands
 a - a wand of polymorph (11)
 g - a wand of acid (2)
 w - a wand of flame (58)
 N - a wand of mindburst (8)
Scrolls
 b - 2 scrolls of brand weapon {unknown}
 e - 2 scrolls of immolation {unknown}
 h - 5 scrolls of noise {unknown}
 j - 2 scrolls of fear {unknown}
 n - a scroll of teleportation
 r - a scroll of torment {unknown}
 s - 2 scrolls of magic mapping {unknown}
 u - 4 scrolls of amnesia {unknown}
 B - a scroll of fog {unknown}
 C - a scroll of silence {unknown}
 D - a scroll of identify
 F - a scroll of enchant weapon {unknown}
 J - a scroll of blinking {unknown}
 M - a scroll of summoning {unknown}
Potions
 c - 2 potions of berserk rage
 d - a potion of flight
 f - 3 potions of heal wounds
 i - a potion of cancellation
 m - a potion of ambrosia
 o - a potion of magic
 p - 2 potions of curing
 t - 4 potions of lignification
 z - a potion of resistance
 H - 2 potions of attraction


   Skills:
 + Level 12.1 Fighting
 + Level 6.8 Armour
 - Level 4.0 Shields
 * Level 14.6 Unarmed Combat
 - Level 1.0 Spellcasting
 - Level 0.6 Fire Magic


You had 11 spell levels left.
You knew the following spells:

 Your Spells              Type           Power      Damage    Failure   Level
p - Foxfire               Conj/Fire      4%         2x1d4     41%         1

Your spell library contained the following spells:

 Spells                   Type           Power      Damage    Failure   Level
 Summon Small Mammal      Summ           0%         N/A       45%         1
 Slow                     Hex            0%         N/A       58%         2
 Call Canine Familiar     Summ           0%         N/A       83%         3
 Confusing Touch          Hex            0%         N/A       83%         3
 Frozen Ramparts          Ice            0%         1d2       83%         3
 Summon Guardian Golem    Hex/Summ       0%         N/A       83%         3
 Vampiric Draining        Necr           0%         2d6       83%         3
 Ice Form                 Ice/Tmut       0%         N/A       99%         4
 Summon Ice Beast         Ice/Summ       0%         N/A       99%         4


Dungeon Overview and Level Annotations

Branches:
Dungeon (10/15)            Temple (0/1) D:6            Lair (2/6) D:9
  Snake (0/4) Lair:2
  Swamp: Lair:2-4    Shoals: Lair:2-4       Orc: D:9-12

Altars:
Fedhas

Shops:
D:1 :((=(   D:5 [   D:6 (


Innate Abilities, Weirdness & Mutations

You have a pair of horns on your head.
You reflexively headbutt those who attack you in melee.


Message History

As you read the scroll of teleportation, it crumbles to dust.
You feel strangely unstable.
You feel sick.
The cane toad gives a loud, deep croak!
You feel better.
A wolf comes into view.
The cane toad closely misses you.
A wolf comes into view.
The wolf howls! x2
The blink frog blinks!
The cane toad completely misses you.
A wolf comes into view.
Your surroundings suddenly seem different.
A komodo dragon comes into view.
The komodo dragon hisses angrily.
Found 8 gold pieces. 2 blink frogs come into view.
The blink frog croaks.
The blink frog gives a loud, deep croak!
A blink frog comes into view. x2
The blink frog moves out of view.
The blink frog croaks.
The blink frog gives a loud, deep croak!
You block the blink frog's attack. The blink frog hits you.
* * * LOW HITPOINT WARNING * * *
The blink frog blinks! x2
Found 23 stones.
You miss the blink frog. You pummel the blink frog!!
The blink frog is heavily wounded.
You block the blink frog's attack.
You hit the blink frog.
The blink frog is lightly wounded.
The blink frog hits you.
* * * LOW HITPOINT WARNING * * *
You pummel the blink frog!!
The blink frog is severely wounded.
The blink frog blinks!
The blink frog hits you.
* * * LOW HITPOINT WARNING * * *
As you read the scroll of teleportation, it crumbles to dust.
You feel strangely unstable.
The blink frog blinks!
The blink frog hits you!
You die...

.###### ......
P.... #§$F ##.F#
...# (.##.####§.#
.......@FF.#
..#######.l#######
##...#.#P.#..#.
#.F............
##.....F....###
#.........##
#.........#
#.#.###...# #..###
...#


You could see a komodo dragon and 3 blink frogs.

Vanquished Creatures
  Harold (D:7)
  A centaur warrior (D:10)
  Pikel (D:7)
  A black mamba (Lair:2)
  Joseph (D:8)
  2 cane toads (Lair:1)
  A kobold demonologist (D:10)
  An unseen horror (D:8)
  3 komodo dragons (Lair:1)
  A troll (D:9)
  Prince Ribbit (D:7)
  A wraith (D:7)
  5 wyverns
  7 yaks
  Grum (D:8)
  A steam dragon (D:4)
  A basilisk (D:9)
  Duvessa (D:7)
  4 water moccasins
  3 ice beasts
  A sky beast (D:7)
  3 black bears (D:9)
  7 wolves
  5 centaurs
  2 ogres
  3 lemures (D:7)
  A phantom (D:4)
  2 kobold brigands
  4 bullfrogs
  A gnoll sergeant (D:5)
  Dowan (D:7)
  A scorpion (D:5)
  6 wights
  A howler monkey (D:8)
  A centaur zombie (D:10)
  A bullfrog skeleton (D:5)
  9 hounds
  A jelly (D:6)
  A centaur skeleton (D:6)
  A gnoll shaman (D:5)
  3 orc priests
  Crazy Yiuf (D:2)
  2 iguanas
  6 orc wizards
  A killer bee zombie (D:5)
  A howler monkey zombie (D:8)
  A howler monkey skeleton (D:6)
  8 adders
  5 gnolls (D:5)
  A shadow imp (D:5)
  2 white imps
  An ufetubus (D:6)
  3 worms
  3 dart slugs
  13 orcs
  8 ball pythons
  10 endoplasms
  3 giant cockroaches
  3 goblins
  6 hobgoblins
  14 jackals
  22 kobolds
  4 quokkas
  12 bats
  A frilled lizard (D:3)
  5 rats
229 creatures vanquished.

Vanquished Creatures (others)
  97 foxfires
  5 fungi
  14 plants
116 creatures vanquished.

Grand Total: 345 creatures vanquished

Notes
Turn   | Place    | Note
-------+----------+-------------------------------------------
     0 | D:1      | lunkers the Minotaur Cinder Acolyte began the quest for the
                  | Orb.
     0 | D:1      | Reached XP level 1. HP: 19/19 MP: 1/1
    51 | D:1      | Reached XP level 2. HP: 4/27 MP: 0/2
    55 | D:1      | Found Seustany's Antique Weapon Boutique.
   522 | D:1      | Found Orapar's Book Shoppe.
   586 | D:1      | Found Riohem's Weapon Emporium.
   604 | D:1      | Reached skill level 4 in Unarmed Combat
   619 | D:1      | Found Iryobuo Qena's Jewellery Shoppe.
   867 | D:1      | Reached XP level 3. HP: 33/33 MP: 1/3
  1017 | D:1      | Found Vepoedd's Weapon Emporium.
  1457 | D:2      | Found a runed translucent door.
  1458 | D:2      | Noticed Crazy Yiuf
  1532 | D:2      | Reached XP level 4. HP: 28/41 MP: 2/4
  1971 | D:2      | Reached skill level 5 in Unarmed Combat
  2539 | D:2      | Killed Crazy Yiuf
  3018 | D:3      | Reached XP level 5. HP: 47/47 MP: 5/5
  3058 | D:3      | Noticed an ogre
  3362 | D:3      | Killed an ogre
  3363 | D:3      | Reached skill level 5 in Fighting
  3363 | D:3      | Reached skill level 6 in Unarmed Combat
  4139 | D:3      | Found a faded altar of an unknown god.
  4727 | D:4      | Noticed a wyvern
  4737 | D:4      | HP: 1/48 [wyvern (9)]
  4738 | D:4      | Killed a wyvern
  4739 | D:4      | Reached skill level 7 in Unarmed Combat
  4739 | D:4      | Reached XP level 6. HP: 1/57 MP: 4/6
  5554 | D:4      | Noticed a steam dragon
  5561 | D:4      | Killed a steam dragon
  5562 | D:4      | Reached XP level 7. HP: 50/63 MP: 7/7
  5920 | D:5      | Entered Level 5 of the Dungeon
  6090 | D:5      | Reached skill level 8 in Unarmed Combat
  6366 | D:5      | Reached skill level 9 in Unarmed Combat
  6366 | D:5      | Reached XP level 8. HP: 40/73 MP: 8/8
  6914 | D:5      | Found Mehegaffu's Antique Armour Emporium.
  7670 | D:6      | Reached skill level 10 in Unarmed Combat
  8226 | D:6      | Found a staircase to the Ecumenical Temple.
  8297 | D:6      | Found Zycku's Antique Weapon Shoppe.
  8302 | D:6      | Reached XP level 9. HP: 64/82 MP: 9/9
  8791 | D:7      | Found a blossoming altar of Fedhas.
  8807 | D:7      | Reached skill level 1 in Shields
  8807 | D:7      | Reached skill level 11 in Unarmed Combat
  9120 | D:7      | Noticed Prince Ribbit
  9126 | D:7      | Killed Prince Ribbit
  9203 | D:7      | Noticed Pikel
  9229 | D:7      | Killed Pikel
  9459 | D:7      | Noticed Harold
  9469 | D:7      | Killed Harold
  9470 | D:7      | Reached skill level 10 in Fighting
  9470 | D:7      | Reached skill level 12 in Unarmed Combat
  9596 | D:7      | Noticed Duvessa
  9604 | D:7      | Killed Duvessa
  9605 | D:7      | Noticed Dowan
  9609 | D:7      | Killed Dowan
  9932 | D:8      | Reached skill level 1 in Armour
  9934 | D:8      | Reached XP level 10. HP: 94/94 MP: 10/10
  9998 | D:8      | Noticed Joseph
  9999 | D:8      | Noticed Grum
 10012 | D:8      | Killed Joseph
 10020 | D:8      | Killed Grum
 10974 | D:8      | Reached skill level 13 in Unarmed Combat
 12326 | D:9      | Reached skill level 5 in Armour
 12986 | D:9      | Found a staircase to the Lair.
 13625 | D:10     | Entered Level 10 of the Dungeon
 13659 | D:10     | Reached XP level 11. HP: 102/102 MP: 11/11
 13673 | D:10     | Noticed a centaur warrior
 13681 | D:10     | Killed a centaur warrior
 13682 | D:10     | Reached skill level 14 in Unarmed Combat
 13947 | D:10     | Noticed an ogre mage
 13947 | D:10     | Noticed a two-headed ogre
 13947 | D:10     | Noticed a two-headed ogre
 13947 | D:10     | Noticed a two-headed ogre
 13947 | D:10     | Noticed a two-headed ogre
 14017 | Lair:1   | Entered Level 1 of the Lair of Beasts
 14688 | Lair:1   | Identified the +0 scale mail of the Monk {rC+ rN+ Will-}
 14976 | Lair:2   | Found a staircase to the Snake Pit.
 15007 | Lair:2   | Mangled by a blink frog

Illustrated notes

Levels and vault maps discovered:
D:1:      eino_arrival_water_star, layout_loops_ring, serial_shops, shop, shop,
          shop, nicolae_shop_behind_doors, shop, minmay_small_reverse_x
D:2:      layout_loops_ring, uniq_crazy_yiuf_cottage
D:3:      kb_forest_paths, layout_basic,
          shapermc_ecumenical_altar_mp_urbaneastern, grunt_ministairs_1,
          minmay_pentomino_pile
D:4:      layout_loops_cross
D:5:      layout_cave_pools, serial_gnoll_camp, gnoll_camp_mini_doghouse,
          gnoll_camp_mini_shop, gnoll_camp_mini_hut, gnoll_camp_mini_hut,
          minivault_11, supply_closet_lemuel
D:6:      layout_basic, minmay_temple_entry_antechambers, serial_shops,
          nicolae_shop_statue_plus
D:7:      layout_basic, fedhas_bush_and_centaur_altar,
          nicolae_ossuary_entry_ruins, uniq_pikel, uniq_duvessa,
          uniq_prince_ribbit1, uniq_harold
D:8:      layout_loops_cross, uniq_joseph, uniq_grum
D:9:      layout_layer_cave, minmay_lair_entry_grove
D:10:     layout_loops_ring, david_orc_5, minmay_misc_feat_plants, st_stairs_2
Lair:1:   layout_roguey, grunt_megastairs_3, infiniplex_staircase_pool_2
Lair:2:   layout_chaotic_city, elwin_shoals_entry_stream,
          minmay_snake_entry_six_corridors, disabler_island

Skill      XL: |  1  2  3  4  5  6  7  8  9 10 11 |
---------------+----------------------------------+-----
Fighting       | 4 5 6 7 8 10 11 12 | 12.1
Unarmed Combat | 4 5 7 9 10 12 13 14 | 14.6
Shields        | 4 |  4.0
Armour         | 1 5 6 |  6.8
Spellcasting   | |  1.0
Fire Magic     | |  0.6

Action                   |  1- 3 |  4- 6 |  7- 9 | 10-12 || total
-------------------------+-------+-------+-------+-------++-------
Melee: Unarmed           |    69 |   120 |   228 |   244 ||   661
       Headbutt          |     8 |     7 |    48 |    66 ||   129
       Punch             |     1 |     1 |     5 |       ||     7
 Cast: Foxfire           |    28 |    36 |    10 |       ||    74
Evoke: Wand              |       |     3 |     4 |       ||     7
  Use: Scroll            |       |       |     8 |     7 ||    15
       Potion            |       |       |       |     1 ||     1
Armor: Robe              |    15 |       |       |       ||    15
       Ring mail         |     4 |    42 |    77 |    94 ||   217
Dodge: Dodged            |    36 |    53 |   143 |   119 ||   351
Block: Buckler           |       |       |    16 |    43 ||    59

Table legend: (Time is in decaauts)
 A = Elapsed time spent in this place.
 B = Non-inter-level travel time spent in this place.
 C = Inter-level travel time spent in this place.
 D = Time resting spent in this place.
 E = Time spent auto-exploring this place.
 F = Levels seen in this place.
 G = Mean time per level.
                   A        B        C        D        E       F      G
               +--------+--------+--------+--------+--------+-----+--------+
         Total |  14900 |  14378 |    522 |   1471 |  11099 |  12 | 1241.7 |
       Dungeon |  13922 |  13409 |    513 |   1277 |  10452 |  10 | 1392.2 |
          Lair |    978 |    969 |      9 |    194 |    646 |   2 |  489.0 |
               +--------+--------+--------+--------+--------+-----+--------+

Top non-repeatable levels by time:
     D:8: 1962 daAuts
     D:2: 1871 daAuts
     D:9: 1741 daAuts
     D:5: 1616 daAuts
     D:3: 1539 daAuts
     D:4: 1305 daAuts
     D:1: 1188 daAuts
     D:6: 1180 daAuts
     D:7: 1178 daAuts
  Lair:1: 938 daAuts
    D:10: 339 daAuts
  Lair:2: 40 daAuts
